 Dungeon Crawl Stone Soup version 0.17-a0-82-g3e33fa6 (webtiles) character file.

674 Ngotmuk the Skirmisher (level 7, 0/55 HPs)
             Began as a Human Fighter on Mar 16, 2015.
             Splashed by a jelly's acid (11 damage)
             ... on level 5 of the Dungeon.
             The game lasted 00:12:33 (4217 turns).

Ngotmuk the Skirmisher (Human Fighter)              Turns: 4217, Time: 00:12:33

Health: 0/55       AC:  3    Str: 19    XL:     7   Next: 90%
Magic:  7/7        EV:  9    Int:  8    God:
Gold:   162        SH:  9    Dex: 12    Spells: 0 memorised, 6 levels left

rFire  . . .     SeeInvis .     a - +0 flail
rCold  . . .     Clarity  .     b - +0 scale mail
rNeg   + . .     SustAb   .     c - +0 shield
rPois  .         Gourm    .     (no helmet)
rElec  .         Spirit   .     (no cloak)
rCorr  .         Warding  +     (no gloves)
rMut   .         Stasis   .     w - +0 pair of boots
MR     +....                    t - amulet of warding
Stlth  ..........               (no ring)
                                n - ring of protection from magic

@: corroded equipment, somewhat resistant to hostile enchantments, extremely
unstealthy
A: no striking features
a: no special abilities


You were on level 5 of the Dungeon.
You were not hungry.

You visited 1 branch of the dungeon, and saw 5 of its levels.

You collected 162 gold pieces.

Inventory:

Hand weapons
 a - a +0 flail (weapon)
Armour
 b - a +0 scale mail (worn)
 c - a +0 shield (worn)
 w - a +0 pair of boots (worn)
Jewellery
 n - a ring of protection from magic (left hand)
 t - an amulet of warding (around neck)
Magical devices
 A - a wand of disintegration (11)
 C - a wand of fireball (3)
 D - a wand of confusion (11)
Scrolls
 f - 6 scrolls of teleportation {unknown}
 i - 11 scrolls of identify {unknown}
 k - 3 scrolls of random uselessness {unknown}
 l - 3 scrolls of enchant armour {unknown}
 o - a scroll of remove curse {unknown}
 s - a scroll of enchant weapon {unknown}
 v - a scroll of amnesia {unknown}
 y - a scroll of immolation {unknown}
 z - a scroll of fog {unknown}
 B - a scroll of noise {unknown}
Potions
 e - a potion of might
 g - a potion of poison {unknown}
 h - a potion of ambrosia {unknown}
 j - 2 potions of cancellation {unknown}
 m - 3 potions of heal wounds {unknown}
 p - a potion of flight {unknown}
 q - 3 potions of curing {unknown}
 u - a potion of cure mutation {unknown}
 x - 2 potions of haste {unknown}
 E - 2 potions of degeneration {unknown}
Comestibles
 d - 3 bread rations
 r - a beef jerky


   Skills:
 + Level 4.7 Fighting
 + Level 4.0 Maces & Flails
 + Level 4.4 Armour
 + Level 3.4 Dodging
 + Level 4.5 Shields


You had 6 spell levels left.
You didn't know any spells.

Dungeon Overview and Level Annotations

Branches:
Dungeon (5/15)
 Temple: D:4-7

Altars:
Elyvilon
Makhleb
Ru
Vehumet


Message History

Your Maces & Flails skill increases to level 4!
You hit the jelly but do no damage.
You hear a slurping noise.
The jelly hits you.
You are splashed with acid!
The acid burns!
Your shield prevents you from hitting the jelly.
The jelly hits you but does no damage. x2
You hit the jelly!
The jelly is moderately wounded.
You block the jelly's attack.
You hit the jelly. The acid corrodes your equipment!
The jelly is heavily wounded.
The jelly misses you.
You hit the jelly!
The jelly is almost dead.
The jelly hits you.
You are splashed with acid!
The acid burns!
* * * LOW HITPOINT WARNING * * *
The jelly hits you.
* * * LOW HITPOINT WARNING * * *
You are splashed with acid!
The acid burns!
You die...

# ..# # ... #.#####
#.# .... #.# #.####.#
##
########.@J.#.##.##
#.....<..##.#.....#
....#########.......#
###.....# ##.......>
....... .......
....... .#.#..


You could see a jelly.

Vanquished Creatures
  The ghost of Ngotmuk the Covered, an average HuFi (D:4)
  An ogre (D:4)
  Blork the orc (D:5)
  3 hounds
  2 worker ants (D:4)
  Natasha (thrice) (D:4)
  Jessica (D:3)
  Terence (D:3)
  4 adders
  A worm (D:2)
  3 orcs (D:4)
  6 ball pythons
  5 giant cockroaches
  12 goblins
  7 hobgoblins
  7 kobolds
  14 bats
  A giant cockroach zombie (D:5)
  4 giant geckos
  10 giant newts
  13 rats
100 creatures vanquished.

Notes
Turn   | Place    | Note
--------------------------------------------------------------
     0 | D:1      | Ngotmuk, the Human Fighter, began the quest for the Orb.
     0 | D:1      | Reached XP level 1. HP: 18/18 MP: 1/1
   252 | D:1      | Reached XP level 2. HP: 24/24 MP: 2/2
   621 | D:1      | Reached XP level 3. HP: 25/29 MP: 3/3
   920 | D:2      | Reached skill level 1 in Dodging
  1165 | D:2      | Reached XP level 4. HP: 10/35 MP: 4/4
  1605 | D:2      | Found a white marble altar of Elyvilon.
  1745 | D:2      | Found a burning altar of Makhleb.
  1852 | D:2      | Reached XP level 5. HP: 36/42 MP: 5/5
  1910 | D:2      | Found a radiant altar of Vehumet.
  2106 | D:3      | Noticed Terence
  2111 | D:3      | Killed Terence
  2349 | D:3      | Noticed Jessica
  2352 | D:3      | Killed Jessica
  3032 | D:4      | Noticed Ngotmuk's ghost (average HuFi)
  3117 | D:4      | Killed Ngotmuk's ghost
  3117 | D:4      | Reached skill level 4 in Fighting
  3117 | D:4      | Reached XP level 6. HP: 16/48 MP: 6/6
  3117 | D:4      | Reached XP level 7. HP: 18/54 MP: 7/7
  3387 | D:4      | Noticed an ogre
  3395 | D:4      | Killed an ogre
  3691 | D:4      | Noticed Natasha
  3697 | D:4      | Killed Natasha
  3788 | D:4      | Noticed Natasha
  3799 | D:4      | Killed Natasha
  3903 | D:4      | Noticed Natasha
  3917 | D:4      | Killed Natasha
  4066 | D:4      | Found a sacrificial altar of Ru.
  4184 | D:5      | Entered Level 5 of the Dungeon
  4194 | D:5      | Noticed Blork the orc
  4212 | D:5      | Killed Blork the orc
  4217 | D:5      | Splashed by a jelly's acid

Action                   |  1- 3 |  4- 6 |  7- 9 || total
-------------------------+-------+-------+-------++-------
Melee: Flail             |    96 |   128 |    75 ||   299
  Eat: Beef jerky        |     1 |       |     1 ||     2
       Meat ration       |       |     1 |       ||     1
       Royal jelly       |       |       |     2 ||     2
